 Dungeon Crawl Stone Soup version 0.18.1-6-gd335043 (webtiles) character file.

3096 st0uf the Nimble (level 9, -2/78 HPs)
             Began as a Purple Draconian Berserker on May 15, 2016.
             Was an Elder of Trog.
             Slain by a hill giant
             ... wielding a +0 giant club
              (28 damage)
             ... on level 7 of the Dungeon.
             The game lasted 00:27:40 (6746 turns).

st0uf the Nimble (Purple Draconian Berserker)       Turns: 6746, Time: 00:27:41

Health: -2/78      AC: 10    Str: 22    XL:     9   Next: 59%
Magic:  9/9        EV: 15    Int:  9    God:    Trog [****..]
Gold:   296        SH:  4    Dex: 10    Spells: 0 memorised, 8 levels left

rFire  . . .     SeeInvis .     a - +0 mace
rCold  . . .     Gourm    .     (armour unavailable)
rNeg   . . .     Faith    .     o - +0 buckler
rPois  .         Spirit   .     (helmet restricted)
rElec  .         Dismiss  .     G - +2 cloak
rCorr  .         Reflect  .     (no gloves)
SustAt .         Harm     .     (no boots)
MR     +++..                    (no amulet)
Stlth  ++........               (no ring)
                                (no ring)

@: exhausted, regenerating, slowed, drained, very slow, extremely resistant to
hostile enchantments, unstealthy
A: breathe power, unfitting armour, cold-blooded, AC +7
a: Breathe Dispelling Energy, Berserk, Trog's Hand, Brothers in Arms, Burn
Spellbooks, Renounce Religion


You were on level 7 of the Dungeon.
You worshipped Trog.
Trog was greatly pleased with you.
You were hungry.

You visited 1 branch of the dungeon, and saw 8 of its levels.

You collected 296 gold pieces.

Inventory:

Hand Weapons
 a - a +0 mace (weapon)
 y - a +0 blowgun
Missiles
 l - 8 curare-tipped needles
 n - 2 throwing nets (quivered)
 u - 3 javelins
 w - 42 poisoned needles
 H - 10 tomahawks
Armour
 o - a +0 buckler (worn)
 G - a +2 cloak (worn)
Wands
 v - a wand of lightning (2/15)
 A - a wand of random effects (26/48)
 C - a wand of polymorph (4/24)
Scrolls
 c - 5 scrolls of teleportation {unknown}
 e - 5 scrolls of remove curse {unknown}
 h - 2 scrolls of recharging {unknown}
 i - a scroll of fear {unknown}
 k - 2 scrolls of enchant weapon {unknown}
 m - 2 scrolls of blinking {unknown}
 s - 3 scrolls of fog {unknown}
 t - 2 scrolls of enchant armour {unknown}
 x - 6 scrolls of identify {unknown}
 z - 2 scrolls of noise {unknown}
 B - a scroll of amnesia {unknown}
 F - 2 scrolls of random uselessness {unknown}
Potions
 d - 4 potions of flight {unknown}
 f - a potion of agility {unknown}
 p - a potion of might {unknown}
 q - 7 potions of curing {unknown}
 E - a potion of ambrosia {unknown}
Comestibles
 b - 8 bread rations
 g - 3 beef jerkies
 j - 3 meat rations
 r - a slice of pizza
 D - 7 fruits


   Skills:
 + Level 6.6(6.4) Fighting
 + Level 6.8(6.5) Maces & Flails
 + Level 0.3(0.1) Throwing
 + Level 9.0(8.8) Dodging
 + Level 4.2(4.0) Stealth
 + Level 2.8(2.6) Shields


You had 8 spell levels left.
You didn't know any spells.

Dungeon Overview and Level Annotations

Branches:
Dungeon (8/15)             Temple (0/1) D:5
   Lair: D:8-11

Altars:
Ashenzari
Nemelex Xobeh
Pakellas
Ru
Sif Muna
Yredelemnul


Innate Abilities, Weirdness & Mutations

You can breathe bolts of dispelling energy.
Your rich purple scales are hard (AC +7).
Your body does not fit into most forms of armour.
You are cold-blooded and may be slowed by cold attacks.


Message History

You thump the wight!
You feel the power of Trog in you as your rage grows.
You destroy the wight!
You have got your breath back.
The wight moves out of view.
You feel a strong urge to attack something.
You feel your anger subside.
You are no longer berserk.
You are exhausted.
You feel yourself slow down.
You are feeling hungry.
There is an escape hatch in the ceiling here.
A mysterious force pulls you upwards. The hatch slams shut behind you.
The black bear growls angrily.
A hill giant comes into view. It is wielding a giant club.
The hill giant shouts!
Found 6 gold pieces.
The black bear bites you but does no damage.
The black bear claws you. x2
The hill giant hits you with a giant club!!
You die...

#.....#####
##.........
.####........
#..........####..
#..............
###..$.......#. #
##h......###
#.##C##....#
#.@####....# #.##
.##..# ## .# #..#
.. ##. #


You could see a hill giant and a black bear.

Vanquished Creatures
  The ghost of dadoka the Chiller, a novice OpIE (D:5)
  Sigmund (D:3)
  A hungry ghost (D:8)
  Duvessa (D:6)
  An orc warrior (D:8)
  3 ice beasts
  A sky beast (D:8)
  A phantom (D:5)
  3 ogres
  A centaur (D:6)
  3 giant frogs
  A gnoll sergeant (D:6)
  A water moccasin skeleton (D:5)
  A wyvern skeleton (D:8)
  5 scorpions
  A vampire bat (D:3)
  A wight (D:8)
  2 giant frog zombies
  2 centaur zombies (D:5)
  A jelly (D:6)
  5 orc priests
  Jessica (D:2)
  3 iguanas
  2 worker ants (D:4)
  A hound zombie (D:5)
  4 worker ant zombies
  Robin (D:2)
  7 gnolls
  10 adders
  A shadow imp (D:8)
  2 oozes (D:5)
  2 adder skeletons (D:5)
  4 worms
  A dart slug (D:2)
  3 fire bats (D:3)
  2 giant geckos
  10 orcs
  2 spectral bats (D:3)
  3 bat skeletons (D:3)
  A bat zombie (D:3)
  4 giant cockroaches
  12 goblins
  9 hobgoblins
  9 jackals
  8 kobolds
  A quokka (D:4)
  2 ball pythons
  27 bats
  A bat simulacrum (D:3)
  A giant gecko zombie (D:5)
  6 giant newts
  2 jackal skeletons (D:5)
  A jackal zombie (D:6)
  11 rats
  A spectral orc (D:6)
192 creatures vanquished.

Vanquished Creatures (others)
  A fungus (D:4)
1 creature vanquished.

Grand Total: 193 creatures vanquished

Notes
Turn   | Place    | Note
--------------------------------------------------------------
     0 | D:1      | st0uf the Draconian Berserker began the quest for the Orb.
     0 | D:1      | Reached XP level 1. HP: 19/19 MP: 1/1
   239 | D:1      | Reached skill level 3 in Dodging
   239 | D:1      | Reached XP level 2. HP: 21/26 MP: 2/2
   592 | D:2      | Noticed Jessica
   611 | D:2      | Reached ** piety under Trog
   624 | D:2      | Killed Jessica
   624 | D:2      | Reached XP level 3. HP: 12/33 MP: 3/3
   904 | D:2      | Noticed Robin
  1164 | D:2      | Killed Robin
  1164 | D:2      | Reached XP level 4. HP: 32/40 MP: 4/4
  1175 | D:2      | Reached skill level 4 in Dodging
  1616 | D:2      | Reached XP level 5. HP: 32/46 MP: 5/5
  1779 | D:2      | Reached *** piety under Trog
  2127 | D:2      | Reached skill level 1 in Stealth
  2160 | D:3      | HP: 2/46 [orc priest/divine providence (12)]
  2620 | D:3      | Noticed Sigmund
  2640 | D:3      | Killed Sigmund
  2640 | D:3      | Reached skill level 5 in Dodging
  2640 | D:3      | Reached skill level 1 in Shields
  2640 | D:3      | Reached XP level 6. HP: 32/53 MP: 6/6
  2831 | D:3      | Your scales start taking on a rich purple colour.
  2831 | D:3      | Reached XP level 7. HP: 44/60 MP: 7/7
  3094 | D:3      | Found a sacrificial altar of Ru.
  3342 | D:3      | Reached **** piety under Trog
  3552 | D:4      | Found a sparkling altar of Nemelex Xobeh.
  3600 | D:4      | Found a deep blue altar of Sif Muna.
  3659 | D:4      | Reached skill level 6 in Dodging
  3989 | D:4      | Found a shattered altar of Ashenzari.
  4358 | D:5      | Entered Level 5 of the Dungeon
  4463 | D:5      | Noticed dadoka's ghost (novice OpIE)
  4485 | D:5      | Killed dadoka's ghost
  4485 | D:5      | Reached skill level 5 in Fighting
  4485 | D:5      | Reached skill level 5 in Maces & Flails
  4485 | D:5      | Reached skill level 7 in Dodging
  4485 | D:5      | Reached XP level 8. HP: 68/68 MP: 8/8
  5038 | D:5      | Found a staircase to the Ecumenical Temple.
  5189 | D:6      | Reached skill level 8 in Dodging
  5262 | D:6      | Noticed Duvessa
  5284 | D:6      | Killed Duvessa
  5284 | D:6      | Reached XP level 9. HP: 54/75 MP: 9/9
  5391 | D:6      | Found a basalt altar of Yredelemnul.
  6641 | D:8      | Found an oddly glowing altar of Pakellas.
  6733 | D:8      | Reached skill level 9 in Dodging
  6742 | D:7      | Noticed a hill giant
  6746 | D:7      | Slain by a hill giant

Skill      XL: |  1  2  3  4  5  6  7  8  9 |
---------------+----------------------------+-----
Dodging        | 3 4 5 7 8 9 |  9.0
Fighting       | 4 5 6 |  6.6
Stealth        | 1 2 3 4 |  4.2
Maces & Flails | 4 5 6 |  6.8
Shields        | 1 2 |  2.8
Throwing       | |  0.3

Action                   |  1- 3 |  4- 6 |  7- 9 || total
-------------------------+-------+-------+-------++-------
Melee: Mace              |   108 |   228 |   457 ||   793
       Tailslap          |    13 |    29 |    74 ||   116
 Fire: Blowgun           |       |       |     6 ||     6
Invok: Berserk           |       |     1 |     7 ||     8
       Trog's Hand       |       |       |     3 ||     3
 Abil: Breathe Dispellin |       |       |     9 ||     9
 Stab: Sleeping          |       |     5 |    10 ||    15
  Eat: Chunk             |     1 |     7 |    24 ||    32
Armor: Skin              |    30 |   104 |   148 ||   282
Dodge: Dodged            |    95 |   179 |   303 ||   577
Block: Buckler           |     5 |    38 |    67 ||   110
